 Dungeon Sprint DCSS version 0.17.0-28-g6e173f8 (webtiles) character file.

530128 Ponchio the Archmage (level 20, 91/91 HPs)
             Began as a Deep Elf Fire Elementalist on Dec 3, 2015.
             Was the Champion of Vehumet.
             Escaped with the Orb!
             The game lasted 03:45:28 (15602 turns).

Ponchio the Archmage (Deep Elf Fire Elementalist)  Turns: 15602, Time: 03:45:28

Health: 91/91      AC:  7    Str:  6    XL:     20   Next: 25%
Magic:  63/63      EV: 37    Int: 39    God:    Vehumet [******]
Gold:   0          SH:  0    Dex: 22    Spells: 11 memorised, 2 levels left

rFire  + . .     SeeInvis +     I - +6 Majin-Bo {vamp, Archmagi MP+6 Int+6}
rCold  + . .     Clarity  .     h - +0 robe {rC+ rF+}
rNeg   + . .     SustAt   .     (shield currently unavailable)
rPois  +         Gourm    .     A - +0 Maxwell's etheric cage {RegenMP *Contam rElec MP+4}
rElec  +         Spirit   .     H - +2 cloak
rCorr  .         Warding  .     T - +1 pair of gloves {Str+3}
rMut   +         NoTele   +     (no boots)
MR     ++...                    a - amulet of resist mutation
Stlth  +.........               m - ring "Wulliorr" {Wiz *Contam Int+5 Dex+7}
                                y - ring "Afiem" {rPois rN+ SInv}

@: very slightly contaminated, deflect missiles, very resistant to hostile
enchantments, very unstealthy
A: deformed body, dopey 1, weak 1, no device heal 1
a: Renounce Religion
0: Orb of Zot


You escaped.
You worshipped Vehumet.
Vehumet was exalted by your worship.
You were full.

You visited 1 branch

Inventory:

Hand Weapons
 r - a +2 vampiric demon whip
 v - a +0 demon trident of flaming
 I - the +6 Majin-Bo (weapon) {vamp, Archmagi MP+6 Int+6}
   (You found it in the Dungeon)

   It inflicts no extra harm, but heals its wielder somewhat when it strikes a
   living foe.
   It affects your intelligence (+6).
   It affects your magic capacity (+6).
Armour
 h - a +0 robe of resistance (worn)
 A - the +0 Maxwell's etheric cage (worn) {RegenMP *Contam rElec MP+4}
   (You found it in the Dungeon)

   It insulates you from electricity.
   It affects your magic capacity (+4).
   It causes magical contamination when unequipped.
 H - a +2 cloak (worn)
 L - the +2 pair of boots of the Assassin {DetectMon Stab+ Stlth++}
   (You found it in the Dungeon)

   It makes you much more stealthy.
 T - a +1 pair of gloves of strength (worn)
Jewellery
 a - an amulet of resist mutation (around neck)
 f - the ring of the Centipede {rPois EV+2 Dex+4}
   (You took it off a merfolk impaler in the Dungeon)

   [ring of evasion]

   It affects your evasion (+2).
   It affects your dexterity (+4).
   It protects you from poison.
 m - the ring "Wulliorr" (right hand) {Wiz *Contam Int+5 Dex+7}
   (You found it in the Dungeon)

   [ring of wizardry]

   It improves your spell success rate.
   It affects your intelligence (+5).
   It affects your dexterity (+7).
   It causes magical contamination when unequipped.
 p - an uncursed amulet of clarity
 y - the ring "Afiem" (left hand) {rPois rN+ SInv}
   (You found it in the Dungeon)

   [ring of see invisible]

   It protects you from poison.
   It protects you from negative energy.
   It lets you see invisible.
 E - an uncursed amulet of stasis
 V - the macabre finger necklace {Ward rN+}
   (You found it in the Dungeon)

   [amulet of warding]

   It may prevent the melee attacks of summoned creatures.
   It protects you from negative energy.
Wands
 l - a wand of heal wounds (4)
 Y - a wand of hasting (2)
Scrolls
 i - 2 scrolls of blinking
 q - 3 scrolls of recharging
 s - a scroll of holy word
 t - 5 scrolls of identify
 u - 3 scrolls of remove curse
Potions
 d - a potion of curing
 g - 6 potions of magic
 j - 2 potions of brilliance
 k - 2 potions of invisibility
 n - 6 potions of agility
 o - 5 potions of might
 J - 2 potions of heal wounds
Books
 b - a book of Flames

   Spells                             Type                      Level
   a - Flame Tongue                   Conjuration/Fire             1
   b - Throw Flame                    Conjuration/Fire             2
   c - Conjure Flame                  Conjuration/Fire             3
   d - Inner Flame                    Hexes/Fire                   3
   e - Sticky Flame                   Conjuration/Fire             4
   f - Fireball                       Conjuration/Fire             5
 e - a book of Death

   Spells                             Type                      Level
   a - Corpse Rot                     Necromancy                   2
   b - Sublimation of Blood           Necromancy                   2
   c - Agony                          Necromancy                   5
   d - Dispel Undead                  Necromancy                   5
   e - Excruciating Wounds            Charms/Necromancy            5
   f - Bolt of Draining               Conjuration/Necromancy       5
 z - a book of Air

   Spells                             Type                      Level
   a - Shock                          Conjuration/Air              1
   b - Swiftness                      Charms/Air                   2
   c - Repel Missiles                 Charms/Air                   2
   d - Static Discharge               Conjuration/Air              3
   e - Lightning Bolt                 Conjuration/Air              5
 D - a Necronomicon

   Spells                             Type                      Level
   a - Haunt                          Necromancy/Summoning         7
   b - Borgnjor's Revivification      Necromancy                   8
   c - Death's Door                   Charms/Necromancy            8
   d - Necromutation                  Transmutation/Necromancy     8
 K - a book of Frost

   Spells                             Type                      Level
   a - Freeze                         Ice                          1
   b - Throw Frost                    Conjuration/Ice              2
   c - Ozocubu's Armour               Charms/Ice                   3
   d - Throw Icicle                   Conjuration/Ice              4
   e - Summon Ice Beast               Ice/Summoning                4
   f - Condensation Shield            Ice                          4
 M - a book of the Warp

   Spells                             Type                      Level
   a - Recall                         Summoning/Translocation      3
   b - Gell's Gravitas                Hexes/Translocation          3
   c - Force Lance                    Conjuration/Translocation    4
   d - Phase Shift                    Translocation                5
   e - Warp Weapon                    Charms/Translocation         5
   f - Summon Forest                  Summoning/Translocation      5
 N - the Compendium of Malediction and Protection
   (You found it in the Dungeon)

   Spells                             Type                      Level
   a - Corona                         Hexes                        1
   b - Song of Slaying                Charms                       2
   c - Shroud of Golubria             Charms/Translocation         2
   d - Summon Guardian Golem          Hexes/Summoning              3
   e - Mass Confusion                 Hexes                        6
 O - a book of Geomancy

   Spells                             Type                      Level
   a - Sandblast                      Earth                        1
   b - Stoneskin                      Transmutation/Earth          2
   c - Passwall                       Transmutation/Earth          3
   d - Stone Arrow                    Conjuration/Earth            3
   e - Petrify                        Transmutation/Earth          4
   f - Lee's Rapid Deconstruction     Earth                        5
 R - a book of the Sky

   Spells                             Type                      Level
   a - Summon Lightning Spire         Summoning/Air                4
   b - Airstrike                      Air                          4
   c - Silence                        Hexes/Air                    5
   d - Deflect Missiles               Charms/Air                   6
   e - Conjure Ball Lightning         Conjuration/Air              6
   f - Tornado                        Air                          9
 S - a book of Beasts

   Spells                             Type                      Level
   a - Summon Butterflies             Summoning                    1
   b - Call Canine Familiar           Summoning                    3
   c - Summon Ice Beast               Ice/Summoning                4
   d - Summon Mana Viper              Hexes/Summoning              5
   e - Summon Hydra                   Summoning                    7
 U - a book of Power

   Spells                             Type                      Level
   a - Fulminant Prism                Conjuration/Hexes            4
   b - Iskenderun's Mystic Blast      Conjuration                  4
   c - Venom Bolt                     Conjuration/Poison           5
   d - Bolt of Magma                  Conjuration/Fire/Earth       5
   e - Iron Shot                      Conjuration/Earth            6
   f - Orb of Destruction             Conjuration                  7
   g - Spellforged Servitor           Conjuration/Summoning        7
 W - a book of Unlife

   Spells                             Type                      Level
   a - Recall                         Summoning/Translocation      3
   b - Animate Dead                   Necromancy                   4
   c - Control Undead                 Necromancy                   4
   d - Cigotuvi's Embrace             Necromancy                   5
   e - Death Channel                  Necromancy                   6
   f - Simulacrum                     Ice/Necromancy               6
 X - a book of the Dragon

   Spells                             Type                      Level
   a - Flame Tongue                   Conjuration/Fire             1
   b - Cause Fear                     Hexes                        4
   c - Bolt of Fire                   Conjuration/Fire             6
   d - Dragon Form                    Transmutation                7
   e - Dragon's Call                  Summoning                    9
 Z - a book of Changes

   Spells                             Type                      Level
   a - Beastly Appendage              Transmutation                1
   b - Sticks to Snakes               Transmutation                2
   c - Spider Form                    Transmutation/Poison         3
   d - Ice Form                       Ice/Transmutation            4
   e - Blade Hands                    Transmutation                5
Miscellaneous
 x - a phial of floods
 B - a fan of gales
 C - a stone of tremors
 G - a fan of gales
 P - 7 phantom mirrors
 Q - a lamp of fire
Comestibles
 c - a bread ration
 w - 38 fruits


   Skills:
 O Level 27 Dodging
 - Level 2.4 Stealth
 O Level 27 Spellcasting
 O Level 27 Conjurations
 O Level 27 Charms
 O Level 27 Necromancy
 - Level 6.6 Translocations
   Level 5.3 Transmutations
 O Level 27 Fire Magic
 O Level 27 Ice Magic
 O Level 27 Air Magic
 + Level 22.5 Evocations


You had 2 spell levels left.
You knew the following spells:

 Your Spells              Type           Power        Failure   Level  Hunger
a - Flame Tongue          Conj/Fire      #####        0%          1    None
b - Fireball              Conj/Fire      #########.   0%          5    None
c - Phase Shift           Tloc           ########..   1%          5    None
d - Fire Storm            Conj/Fire      #########.   1%          9    None
e - Tornado               Air            #########.   1%          9    None
f - Deflect Missiles      Chrm/Air       #########.   0%          6    None
g - Borgnjor's Revivific  Necr           #########.   1%          8    None
h - Iron Shot             Conj/Erth      ########..   1%          6    None
i - Glaciate              Conj/Ice       #########.   1%          9    None
j - Death's Door          Chrm/Necr      #########.   1%          8    None
k - Dispel Undead         Necr           ########     0%          5    None


Dungeon Overview and Level Annotations

Branches:
Dungeon (1/1)

Altars:
Ashenzari
Cheibriados
Dithmenos
Elyvilon
Fedhas
Gozag
Kikubaaqudgha
Makhleb
Nemelex Xobeh
Okawaru
Qazlal
Ru
Sif Muna
Trog
Vehumet
Xom
Yredelemnul
Zin
The Shining One
Beogh
Jiyva
Lugonu


Innate Abilities, Weirdness & Mutations

Armour fits poorly on your strangely shaped body.
You are dopey. (Int -2)
You are weak. (Str -2)
Potions and wands are less effective at restoring your health.


Message History

You feel less contaminated with magical energies.
You start waiting.
You start waiting.
You are contaminated with residual magic.
You start waiting.
Your body shudders with the violent release of wild energies!
You feel clumsy.
You feel less contaminated with magical energies.
You start waiting.
You start waiting.
You start waiting.
You start waiting.
You start waiting.
You start waiting.
You start waiting.
You start waiting.
You start waiting.
You start waiting.
There is a staircase leading out of the dungeon here.
You have escaped!

............▓..▓.......▓..▓...8©8
............▓.▓▓▓..).)▓▓▓.▓...)).
.....)......▓..▓..)....▓..▓..}.|.
..)...).....▓.............▓....).
...)........▓....){)......▓.....[
....).......▓▓▓▓▓▓▓▓▓▓▓▓▓▓▓......
▓.......▓...▓8888888888888▓....÷.
.▓.....▓.▓..▓8..)..).....8▓....÷.
▓...÷...▓...▓8..@..[[)...8▓......
............▓8.).)...)...8▓......
............▓8888888888888▓▓▓▓▓▓▓
▓▓▓▓▓▓▓▓▓▓▓▓▓▓▓▓▓▓▓▓▓▓▓▓▓▓▓▓▓▓▓▓▓
.....8©8....{...▓........8©8.....
|}))).|):}))}):.▓.):||:).):):}[}=
))\))).))[|=:)".▓.|:)|[:=[.)[)))}
)))))[|})))|"):.▓.[..[.[)[)[=:)))
)...)..).)))....▓....)).))\[}....


There were no monsters in sight!

Vanquished Creatures
  3 pandemonium lords (D)
  An orb of fire (D)
  2 golden dragons (D)
  2 tentacled monstrosities (D)
  6 quicksilver dragons (D)
  21 Orb Guardians (D)
  4 deep elf blademasters (D)
  4 deep elf master archers (D)
  A Shadow Fiend (D)
  An acid blob (D)
  A draconian monk (D)
  7 shadow dragons (D)
  A storm dragon (D)
  5 greater nagas (D)
  3 draconian knights (D)
  12 iron dragons (D)
  4 deep elf sorcerers (D)
  4 balrugs (D)
  3 draconian scorchers (D)
  4 draconian zealots (D)
  An orc warlord (D)
  2 draconian shifters (D)
  A cacodemon (D)
  10 ghouls (D)
  2 draconian annihilators (D)
  A warmonger (D)
  10 stone giants (D)
  2 reapers (D)
  11 green draconians (D)
  3 draconian callers (D)
  A vampire knight (D)
  14 black draconians (D)
  A corrupter (D)
  12 purple draconians (D)
  9 white draconians (D)
  7 deep elf annihilators (D)
  7 red draconians (D)
  A lorocyproca (D)
  10 yellow draconians (D)
  9 mottled draconians (D)
  3 merfolk javelineers (D)
  A death ooze (D)
  7 crystal guardians (D)
  A great orb of eyes (D)
  A fire dragon (D)
  2 blizzard demons (D)
  2 yaktaur captains (D)
  A merfolk impaler (D)
  5 deep elf high priests (D)
  An ice dragon (D)
  11 naga warriors (D)
  5 anacondas (D)
  A monstrous demonspawn (D)
  A merfolk avatar (D)
  A centaur warrior (D)
  2 merfolk aquamancers (D)
  2 vampire magi (D)
  An orc high priest (D)
  3 hell knights (D)
  5 sun demons (D)
  11 soul eaters (D)
  8 iron golems (D)
  3 deep elf knights (D)
  3 skeletal warriors (D)
  A sea snake (D)
  A giant orange brain (D)
  An ice devil (D)
  2 putrid demonspawn (D)
  A flayed ghost (D)
  A deep elf conjurer (D)
  A wolf spider (shapeshifter) (D)
  An orc knight (D)
  A necromancer (D)
  A harpy (D)
  A moth of wrath (D)
  3 draconians (D)
  A water nymph (D)
  2 sixfirhies (D)
  2 cyclopes (D)
  A manticore (D)
  A toenail golem (D)
  4 guardian serpents (D)
  3 rust devils (D)
  2 sirens (D)
  8 black mambas (D)
  2 naga magi (D)
  3 orange demons (D)
  4 tormentors (D)
  3 gargoyles (D)
  3 hellions (D)
  3 fire drakes (D)
  2 yaktaurs (D)
  5 red devils (D)
  A hellwing (D)
  A blue devil (D)
  3 freezing wraiths (D)
  5 merfolk (D)
  A deep elf priest (D)
  2 jumping spiders (D)
  2 slime creatures (D)
  5 wraiths (D)
  8 shadows (D)
  6 spriggans (D)
  4 vampires (D)
  3 flying skulls (D)
  6 deep elf fighters (D)
  A chaos spawn (D)
  5 deep elf magi (D)
  A neqoxec (D)
  2 tarantellas (D)
  A golden eye (D)
  A fire bat (D)
  A steam dragon (D)
  8 wolves (D)
  9 nagas (D)
  3 water moccasins (D)
  3 hell hounds (D)
  2 black bears (D)
  2 wasps (D)
  2 ice beasts (D)
  6 necrophages (D)
  3 centaurs (D)
  2 giant frogs (D)
  2 small abominations (D)
  18 earth elementals (D)
  5 scorpions (D)
  9 wights (D)
  3 crimson imps (D)
  3 jellies (D)
  2 iron imps (D)
  An iguana (D)
  2 sheep (D)
  A mummy (D)
  2 adders (D)
  2 shadow imps (D)
  3 white imps (D)
  An ufetubus (D)
  2 oozes (D)
  8 adder skeletons (D)
  7 adder zombies (D)
  7 orcs (D)
  A ball python (D)
  13 bat skeletons (D)
  4 bat zombies (D)
  3 ball python skeletons (D)
  A ball python zombie (D)
  4 giant cockroach zombies (D)
  4 giant gecko skeletons (D)
  4 giant gecko zombies (D)
  2 jackal skeletons (D)
  6 jackal zombies (D)
  A quokka simulacrum (D)
  A quokka skeleton (D)
  2 quokka zombies (D)
  17 blocks of ice (D)
  91 fire vortices (D)
679 creatures vanquished.

Vanquished Creatures (collateral kills)
  A green draconian (D)
  A yellow draconian (D)
  A purple draconian (D)
  A skeletal warrior (D)
  A naga (D)
  2 adder skeletons (D)
7 creatures vanquished.

Vanquished Creatures (others)
  A bat zombie (D)
  16 blocks of ice (D)
  50 fire vortices (D)
67 creatures vanquished.

Grand Total: 753 creatures vanquished

Notes
Turn   | Place    | Note
--------------------------------------------------------------
     0 | D        | Ponchio the Deep Elf Fire Elementalist began the quest for the Orb.
     0 | D        | Reached XP level 1. HP: 10/10 MP: 6/6
     0 | D        | Found a roughly hewn altar of Beogh.
     0 | D        | Found a viscous altar of Jiyva.
     0 | D        | Found a corrupted altar of Lugonu.
     0 | D        | Found a white marble altar of Elyvilon.
     0 | D        | Found a sparkling altar of Nemelex Xobeh.
     1 | D        | Found a burning altar of Makhleb.
     1 | D        | Found an iron altar of Okawaru.
     1 | D        | Found a deep blue altar of Sif Muna.
     1 | D        | Found a radiant altar of Vehumet.
     1 | D        | Found a bloodstained altar of Trog.
     1 | D        | Found a shimmering altar of Xom.
    32 | D        | Became a worshipper of Vehumet
    85 | D        | Reached skill level 8 in Evocations
    85 | D        | Reached XP level 2. HP: 15/15 MP: 9/9
    99 | D        | Entered arena 1.
    99 | D        | Noticed an iron imp
   101 | D        | Killed an iron imp
   101 | D        | Reached skill level 5 in Spellcasting
   101 | D        | Reached XP level 3. HP: 19/19 MP: 11/11
   106 | D        | Got the ring "Wulliorr" {Wiz *Contam Int+5 Dex+7}
   131 | D        | Entered arena 2.
   131 | D        | Noticed a merfolk
   131 | D        | Noticed a merfolk
   131 | D        | Noticed a merfolk
   139 | D        | Killed a merfolk
   139 | D        | Reached * piety under Vehumet
   139 | D        | Offered knowledge of Sting by Vehumet.
   139 | D        | Reached skill level 10 in Spellcasting
   139 | D        | Reached XP level 4. HP: 24/24 MP: 18/18
   139 | D        | Reached XP level 5. HP: 28/28 MP: 18/19
   143 | D        | Killed a merfolk
   143 | D        | Reached skill level 12 in Spellcasting
   143 | D        | Reached skill level 10 in Conjurations
   143 | D        | Reached XP level 6. HP: 20/32 MP: 19/23
   150 | D        | Killed a merfolk
   150 | D        | Reached ** piety under Vehumet
   150 | D        | Reached skill level 13 in Spellcasting
   150 | D        | Reached XP level 7. HP: 29/36 MP: 23/25
   217 | D        | Learned a level 5 spell: Fireball
   282 | D        | Entered arena 3.
   282 | D        | Noticed a fire drake
   282 | D        | Noticed a fire drake
   282 | D        | Noticed a fire drake
   282 | D        | Noticed a steam dragon
   286 | D        | Killed a steam dragon
   286 | D        | Offered knowledge of Throw Frost by Vehumet.
   286 | D        | Reached skill level 5 in Dodging
   289 | D        | Killed a fire drake
   289 | D        | Reached XP level 8. HP: 33/41 MP: 20/27
   289 | D        | Killed a fire drake
   289 | D        | Reached skill level 10 in Dodging
   289 | D        | Killed a fire drake
   400 | D        | Entered arena 4.
   400 | D        | Noticed a black bear
   400 | D        | Noticed a spriggan
   400 | D        | Noticed a wolf
   400 | D        | Noticed a spriggan
   401 | D        | Killed a spriggan
   401 | D        | Reached *** piety under Vehumet
   401 | D        | Killed a spriggan
   402 | D        | Killed a wolf
   403 | D        | Killed a black bear
   403 | D        | Reached skill level 14 in Spellcasting
   403 | D        | Reached XP level 9. HP: 34/45 MP: 22/29
   512 | D        | Entered arena 5.
   512 | D        | Noticed a spriggan
   512 | D        | Noticed a wolf
   512 | D        | Noticed a wolf
   512 | D        | Noticed a wolf
   512 | D        | Noticed a wolf
   513 | D        | Killed a wolf
   513 | D        | Reached **** piety under Vehumet
   513 | D        | Offered knowledge of Searing Ray by Vehumet.
   515 | D        | Killed a wolf
   515 | D        | Killed a wolf
   515 | D        | Killed a spriggan
   517 | D        | Killed a wolf
   517 | D        | Reached ***** piety under Vehumet
   668 | D        | Entered arena 6.
   668 | D        | Noticed a spriggan rider
   668 | D        | Noticed a wolf
   668 | D        | Noticed a spriggan rider
   668 | D        | Noticed a spriggan
   668 | D        | Noticed a black bear
   668 | D        | Noticed a wolf
   669 | D        | Killed a black bear
   669 | D        | Reached skill level 15 in Spellcasting
   669 | D        | Killed a spriggan
   672 | D        | Killed a wasp
   672 | D        | Killed a wolf
   673 | D        | Killed a spriggan rider
   673 | D        | Killed a wasp
   673 | D        | Killed a spriggan
   673 | D        | Reached skill level 16 in Spellcasting
   673 | D        | Reached XP level 10. HP: 33/50 MP: 28/32
   674 | D        | Killed a wolf
   674 | D        | Reached ****** piety under Vehumet
   674 | D        | Reached skill level 15 in Dodging
   741 | D        | Learned a level 5 spell: Phase Shift
   839 | D        | Entered arena 7.
   839 | D        | Noticed a giant frog
   839 | D        | Noticed a giant frog
   839 | D        | Noticed an iguana
   839 | D        | Noticed a wolf
   840 | D        | Offered knowledge of Throw Icicle by Vehumet.
   840 | D        | Killed a giant frog
   840 | D        | Reached skill level 1 in Translocations
   840 | D        | Killed a giant frog
   840 | D        | Killed an iguana
   842 | D        | Killed a wolf
   881 | D        | Got the cursed +1 leather armour of Lifelessness {+Inv rN+ Dex+4 SInv}
   931 | D        | Entered arena 8.
   931 | D        | Noticed a deep elf fighter
   931 | D        | Noticed a deep elf knight
   931 | D        | Noticed a deep elf knight
   931 | D        | Noticed a deep elf priest
   931 | D        | Noticed a deep elf fighter
   931 | D        | Noticed a deep elf mage
   931 | D        | Noticed a deep elf knight
   933 | D        | Killed a deep elf fighter
   934 | D        | Killed a deep elf fighter
   935 | D        | Killed a deep elf knight
   935 | D        | Killed a deep elf knight
   935 | D        | Reached skill level 17 in Spellcasting
   935 | D        | Reached skill level 5 in Translocations
   935 | D        | Killed a deep elf priest
   936 | D        | Killed a deep elf mage
   936 | D        | Killed a deep elf knight
  1096 | D        | Learned a level 4 spell: Throw Icicle
  1098 | D        | Entered arena 9.
  1098 | D        | Noticed a white draconian
  1098 | D        | Noticed a black draconian
  1098 | D        | Noticed a red draconian
  1098 | D        | Noticed a purple draconian
  1098 | D        | Noticed a draconian
  1098 | D        | Noticed a draconian
  1098 | D        | Noticed a purple draconian
  1098 | D        | Noticed a draconian
  1104 | D        | Killed a purple draconian
  1104 | D        | Offered knowledge of Mephitic Cloud by Vehumet.
  1104 | D        | Reached skill level 15 in Conjurations
  1104 | D        | Killed a draconian
  1104 | D        | Reached XP level 11. HP: 37/54 MP: 22/34
  1105 | D        | Killed a draconian
  1105 | D        | Reached skill level 18 in Spellcasting
  1105 | D        | Killed a purple draconian
  1106 | D        | Killed a draconian
  1106 | D        | Killed a red draconian
  1107 | D        | Killed a white draconian
  1107 | D        | Reached skill level 19 in Spellcasting
  1108 | D        | Killed a black draconian
  1170 | D        | Learned a level 9 spell: Tornado
  1376 | D        | Entered arena 10.
  1376 | D        | Noticed a scorpion
  1376 | D        | Noticed a jumping spider
  1376 | D        | Noticed a tarantella
  1376 | D        | Noticed a scorpion
  1376 | D        | Noticed a scorpion
  1376 | D        | Noticed a scorpion
  1376 | D        | Noticed a tarantella
  1376 | D        | Noticed a scorpion
  1376 | D        | Noticed a jumping spider
  1377 | D        | Killed a tarantella
  1377 | D        | Offered knowledge of Delayed Fireball by Vehumet.
  1377 | D        | Reached skill level 1 in Air Magic
  1377 | D        | Killed a scorpion
  1377 | D        | Killed a scorpion
  1377 | D        | Killed a tarantella
  1377 | D        | Killed a scorpion
  1377 | D        | Killed a jumping spider
  1378 | D        | Killed a jumping spider
  1379 | D        | Killed a scorpion
  1379 | D        | Killed a scorpion
  1379 | D        | Reached skill level 5 in Air Magic
  1466 | D        | Learned a level 6 spell: Deflect Missiles
  1492 | D        | Entered arena 11.
  1492 | D        | Noticed an orc high priest
  1493 | D        | Noticed an orc knight
  1494 | D        | Noticed an orc warlord
  1495 | D        | Killed an orc knight
  1496 | D        | Killed an orc high priest
  1497 | D        | Killed an orc warlord
  1517 | D        | Learned a level 7 spell: Orb of Destruction
  1524 | D        | Learned a level 6 spell: Iron Shot
  1717 | D        | Entered arena 12.
  1717 | D        | Noticed a shadow
  1717 | D        | Noticed a necromancer
  1717 | D        | Noticed a wight
  1718 | D        | Killed a wight
  1718 | D        | Offered knowledge of Bolt of Cold by Vehumet.
  1719 | D        | Noticed a ghoul
  1719 | D        | Noticed a shadow
  1719 | D        | Noticed a ghoul
  1719 | D        | Killed a necromancer
  1719 | D        | Reached XP level 12. HP: 52/59 MP: 37/37
  1719 | D        | Killed a shadow
  1719 | D        | Reached skill level 10 in Air Magic
  1719 | D        | Killed a shadow
  1720 | D        | Noticed a necrophage
  1720 | D        | Killed a necrophage
  1723 | D        | Killed a ghoul
  1724 | D        | Killed a ghoul
  1946 | D        | Identified the Compendium of Malediction and Protection (You found it in the Dungeon)
  1960 | D        | Learned a level 6 spell: Bolt of Cold
  1988 | D        | Entered arena 13.
  1989 | D        | Noticed a slime creature
  1989 | D        | Noticed a jelly
  1989 | D        | Noticed a great orb of eyes
  1992 | D        | Killed a great orb of eyes
  1992 | D        | Offered knowledge of Bolt of Draining by Vehumet.
  1994 | D        | Noticed a death ooze
  1994 | D        | Noticed a slime creature
  1994 | D        | Noticed a jelly
  1994 | D        | Noticed a giant orange brain
  1994 | D        | Noticed a jelly
  1994 | D        | Killed a jelly
  1994 | D        | Killed a jelly
  1995 | D        | Noticed an acid blob
  1995 | D        | Noticed a golden eye
  1995 | D        | Killed a jelly
  1996 | D        | Killed a slime creature
  1996 | D        | Killed a giant orange brain
  1996 | D        | Killed a golden eye
  1997 | D        | Killed a death ooze
  1999 | D        | Killed a slime creature
  2001 | D        | Killed an acid blob
  2001 | D        | Reached skill level 15 in Air Magic
  2268 | D        | Entered arena 14.
  2269 | D        | Noticed a purple draconian
  2269 | D        | Noticed a black draconian
  2269 | D        | Noticed a mottled draconian
  2269 | D        | Noticed a purple draconian
  2269 | D        | Noticed a black draconian
  2269 | D        | Noticed a white draconian
  2270 | D        | Noticed a yellow draconian
  2271 | D        | Noticed a red draconian
  2271 | D        | Noticed a black draconian
  2272 | D        | Noticed a purple draconian
  2273 | D        | Noticed a green draconian
  2273 | D        | Noticed a green draconian
  2274 | D        | Killed a white draconian
  2274 | D        | Offered knowledge of Lightning Bolt by Vehumet.
  2275 | D        | Noticed a black draconian
  2275 | D        | Killed a black draconian
  2277 | D        | Killed a red draconian
  2278 | D        | Killed a mottled draconian
  2279 | D        | Killed a purple draconian
  2279 | D        | Reached XP level 13. HP: 24/63 MP: 15/38
  2282 | D        | Killed a black draconian
  2283 | D        | Killed a purple draconian
  2283 | D        | Killed a yellow draconian
  2284 | D        | Killed a green draconian
  2284 | D        | Killed a black draconian
  2284 | D        | Killed a green draconian
  2285 | D        | Killed a purple draconian
  2285 | D        | Reached skill level 20 in Air Magic
  2286 | D        | Killed a black draconian
  2435 | D        | Entered arena 15.
  2436 | D        | Noticed a deep elf master archer
  2436 | D        | Noticed a yaktaur captain
  2436 | D        | Noticed a cyclops
  2436 | D        | Noticed a stone giant
  2436 | D        | Noticed a yaktaur captain
  2436 | D        | Noticed a cyclops
  2436 | D        | Noticed a yaktaur
  2437 | D        | Noticed a stone giant
  2438 | D        | Noticed a centaur
  2438 | D        | Noticed a centaur
  2438 | D        | Noticed a yaktaur
  2438 | D        | Noticed a centaur
  2438 | D        | Killed a centaur
  2438 | D        | Killed a cyclops
  2438 | D        | Offered knowledge of Ozocubu's Refrigeration by Vehumet.
  2438 | D        | Killed a yaktaur
  2438 | D        | Killed a centaur
  2439 | D        | Noticed a centaur warrior
  2439 | D        | Noticed a stone giant
  2439 | D        | Killed a yaktaur captain
  2442 | D        | Killed a centaur
  2442 | D        | Killed a yaktaur captain
  2443 | D        | Killed a deep elf master archer
  2443 | D        | Reached skill level 21 in Spellcasting
  2443 | D        | Killed a stone giant
  2443 | D        | Reached skill level 22 in Spellcasting
  2444 | D        | Killed a yaktaur
  2444 | D        | Killed a stone giant
  2445 | D        | Killed a stone giant
  2445 | D        | Reached skill level 23 in Spellcasting
  2448 | D        | Killed a centaur warrior
  2451 | D        | Killed a cyclops
  2739 | D        | Learned a level 8 spell: Necromutation
  2779 | D        | Entered arena 16.
  2782 | D        | Noticed a siren
  2782 | D        | Noticed a manticore
  2782 | D        | Noticed a merfolk avatar
  2782 | D        | Noticed a merfolk javelineer
  2782 | D        | Noticed a siren
  2782 | D        | Noticed a merfolk
  2783 | D        | Noticed a merfolk aquamancer
  2783 | D        | Noticed a merfolk aquamancer
  2783 | D        | Noticed a sea snake
  2783 | D        | Noticed a merfolk javelineer
  2784 | D        | Noticed a harpy
  2784 | D        | Killed a manticore
  2784 | D        | Reached skill level 1 in Necromancy
  2784 | D        | Killed a harpy
  2784 | D        | Killed a merfolk javelineer
  2784 | D        | Noticed a merfolk javelineer
  2785 | D        | Killed a merfolk avatar
  2785 | D        | Reached skill level 5 in Necromancy
  2786 | D        | Noticed a merfolk impaler
  2786 | D        | Noticed a water nymph
  2787 | D        | Killed a merfolk javelineer
  2787 | D        | Offered knowledge of Freezing Cloud by Vehumet.
  2787 | D        | Reached skill level 24 in Spellcasting
  2787 | D        | Noticed a merfolk
  2788 | D        | Killed a sea snake
  2789 | D        | Killed a merfolk javelineer
  2789 | D        | Reached XP level 14. HP: 35/68 MP: 34/44
  2789 | D        | Killed a merfolk aquamancer
  2789 | D        | Killed a merfolk
  2795 | D        | Killed a siren
  2797 | D        | Killed a merfolk aquamancer
  2799 | D        | Killed a siren
  2799 | D        | Reached skill level 10 in Necromancy
  2799 | D        | Killed a merfolk impaler
  2801 | D        | Killed a merfolk
  2802 | D        | Killed a water nymph
  2893 | D        | Got the ring of the Centipede {rPois EV+2 Dex+4}
  3155 | D        | Learned a level 8 spell: Death's Door
  3173 | D        | Entered arena 17.
  3173 | D        | Noticed a necrophage
  3173 | D        | Noticed a wight
  3173 | D        | Noticed a necrophage
  3173 | D        | Noticed a wight
  3173 | D        | Noticed a vampire
  3173 | D        | Noticed a vampire knight
  3173 | D        | Noticed a vampire mage
  3173 | D        | Noticed a vampire
  3173 | D        | Noticed a vampire mage
  3175 | D        | Noticed a wight
  3177 | D        | Noticed a wight
  3177 | D        | Killed a vampire
  3177 | D        | Offered knowledge of Poisonous Cloud by Vehumet.
  3178 | D        | Killed a necrophage
  3179 | D        | Killed a vampire mage
  3179 | D        | Reached skill level 5 in Charms
  3179 | D        | Killed a necrophage
  3179 | D        | Killed a wight
  3179 | D        | Killed a wight
  3180 | D        | Killed a vampire
  3180 | D        | Killed a vampire knight
  3180 | D        | Killed a vampire mage
  3181 | D        | Killed a wight
  3182 | D        | Killed a wight
  3183 | D        | Noticed a shadow
  3183 | D        | Noticed a shadow
  3185 | D        | Noticed a skeletal warrior
  3186 | D        | Killed a shadow
  3186 | D        | Killed a shadow
  3190 | D        | Killed a skeletal warrior
  3323 | D        | Learned a level 8 spell: Borgnjor's Revivification
  3511 | D        | Entered arena 18.
  3512 | D        | Offered knowledge of Fire Storm by Vehumet.
  3512 | D        | Offered knowledge of Glaciate by Vehumet.
  3512 | D        | Offered knowledge of Chain Lightning by Vehumet.
  3519 | D        | Noticed a vampire
  3541 | D        | Killed a vampire
  3543 | D        | Noticed a shadow
  3543 | D        | Noticed a necrophage
  3544 | D        | Noticed a wraith
  3544 | D        | Noticed a tormentor
  3544 | D        | Noticed a hell knight
  3545 | D        | Noticed a shadow
  3545 | D        | Noticed a wight
  3546 | D        | Noticed a wraith
  3546 | D        | Noticed a wight
  3547 | D        | Noticed a hell knight
  3548 | D        | Noticed a red devil
  3548 | D        | Killed a tormentor
  3549 | D        | Noticed a shadow
  3549 | D        | Killed a shadow
  3549 | D        | Killed a necrophage
  3550 | D        | Noticed a shadow
  3552 | D        | Killed a wight
  3553 | D        | Killed a shadow
  3553 | D        | Killed a hell knight
  3553 | D        | Reached skill level 10 in Charms
  3553 | D        | Killed a wraith
  3554 | D        | Killed a wraith
  3554 | D        | Killed a wight
  3555 | D        | Killed a hell knight
  3555 | D        | Killed a shadow
  3556 | D        | Killed a red devil
  3556 | D        | Killed a shadow
  3896 | D        | Entered arena 19.
  3901 | D        | Noticed a tormentor
  3901 | D        | Noticed a wraith
  3901 | D        | Noticed a wraith
  3901 | D        | Noticed a wight
  3901 | D        | Noticed a necrophage
  3901 | D        | Noticed a skeletal warrior
  3903 | D        | Noticed a freezing wraith
  3905 | D        | Noticed an ice beast
  3905 | D        | Noticed a freezing wraith
  3905 | D        | Noticed a blue devil
  3905 | D        | Noticed a skeletal warrior
  3906 | D        | Noticed a freezing wraith
  3906 | D        | Killed a tormentor
  3906 | D        | Reached skill level 1 in Transmutations
  3907 | D        | Killed a wight
  3907 | D        | Killed a necrophage
  3908 | D        | Noticed an ice beast
  3909 | D        | Killed a freezing wraith
  3910 | D        | Killed a wraith
  3911 | D        | Killed a skeletal warrior
  3911 | D        | Killed a blue devil
  3911 | D        | Killed a freezing wraith
  3911 | D        | Killed a wraith
  3912 | D        | Killed an ice beast
  3912 | D        | Killed a freezing wraith
  3912 | D        | Killed an ice beast
  3913 | D        | Killed a skeletal warrior
  3913 | D        | Reached skill level 5 in Transmutations
  4104 | D        | Entered arena 20.
  4108 | D        | Noticed a ghoul
  4110 | D        | Noticed a soul eater
  4110 | D        | Noticed a skeletal warrior
  4111 | D        | Noticed a ghoul
  4111 | D        | Noticed a Shadow Fiend
  4112 | D        | Noticed a ghoul
  4112 | D        | Noticed a soul eater
  4112 | D        | Killed a ghoul
  4112 | D        | Reached skill level 15 in Necromancy
  4112 | D        | Killed a soul eater
  4115 | D        | Noticed a ghoul
  4116 | D        | Killed a skeletal warrior
  4117 | D        | Killed a ghoul
  4118 | D        | Noticed a soul eater
  4118 | D        | Killed a ghoul
  4118 | D        | Killed a Shadow Fiend
  4119 | D        | Killed a soul eater
  4124 | D        | Killed a ghoul
  4124 | D        | Reached skill level 15 in Charms
  4128 | D        | Killed a soul eater
  4515 | D        | Entered arena 21.
  4515 | D        | Noticed a crimson imp
  4515 | D        | Noticed a crimson imp
  4517 | D        | Noticed a hell hound
  4517 | D        | Noticed a hell hound
  4521 | D        | Killed a crimson imp
  4522 | D        | Killed a hell hound
  4522 | D        | Killed a hell hound
  4524 | D        | Killed a crimson imp
  4527 | D        | Noticed a balrug
  4527 | D        | Noticed a fire bat
  4527 | D        | Noticed a hellion
  4527 | D        | Noticed a balrug
  4527 | D        | Noticed a hellion
  4529 | D        | Noticed a flying skull
  4529 | D        | Noticed a hell hound
  4529 | D        | Noticed a red devil
  4529 | D        | Noticed a flying skull
  4529 | D        | Noticed a wight
  4529 | D        | Noticed a crimson imp
  4529 | D        | Noticed a hellion
  4529 | D        | Noticed a flying skull
  4529 | D        | Killed a fire bat
  4530 | D        | Noticed a tormentor
  4530 | D        | Noticed a wraith
  4530 | D        | Noticed a vampire
  4530 | D        | Noticed a hell knight
  4533 | D        | Killed a tormentor
  4534 | D        | Killed a hellion
  4534 | D        | Killed a hellion
  4536 | D        | Killed a hellion
  4536 | D        | Reached skill level 25 in Spellcasting
  4536 | D        | Killed a wight
  4537 | D        | Killed a hell hound
  4537 | D        | Killed a flying skull
  4537 | D        | Killed a hell knight
  4537 | D        | Killed a red devil
  4538 | D        | Killed a balrug
  4538 | D        | Killed a flying skull
  4538 | D        | Killed a flying skull
  4539 | D        | Killed a balrug
  4539 | D        | Reached skill level 26 in Spellcasting
  4539 | D        | Killed a crimson imp
  4540 | D        | Killed a vampire
  4540 | D        | Reached XP level 15. HP: 12/68 MP: 31/47
  4541 | D        | Killed a wraith
  4871 | D        | Entered arena 22.
  4879 | D        | Noticed a deep elf fighter
  4879 | D        | Noticed a deep elf annihilator
  4879 | D        | Noticed a wolf spider
  4879 | D        | Noticed a deep elf blademaster
  4879 | D        | Noticed a deep elf sorcerer
  4879 | D        | Noticed a deep elf fighter
  4879 | D        | Noticed a deep elf high priest
  4879 | D        | Noticed a deep elf high priest
  4879 | D        | Noticed a deep elf high priest
  4879 | D        | Noticed a deep elf annihilator
  4879 | D        | Noticed a deep elf sorcerer
  4880 | D        | Noticed a deep elf blademaster
  4881 | D        | Noticed a deep elf master archer
  4881 | D        | Noticed a deep elf sorcerer
  4881 | D        | Noticed a deep elf mage
  4881 | D        | Noticed a deep elf conjurer
  4881 | D        | Noticed a deep elf high priest
  4881 | D        | Noticed a deep elf fighter
  4883 | D        | Noticed a deep elf blademaster
  4883 | D        | Noticed a deep elf mage
  4883 | D        | Killed a deep elf high priest
  4883 | D        | Killed a deep elf high priest
  4883 | D        | Reached skill level 5 in Fire Magic
  4884 | D        | Noticed a deep elf annihilator
  4884 | D        | Noticed a deep elf high priest
  4884 | D        | Noticed a deep elf annihilator
  4884 | D        | Noticed a deep elf mage
  4884 | D        | Noticed a deep elf master archer
  4884 | D        | Killed a deep elf blademaster
  4884 | D        | Killed a deep elf blademaster
  4885 | D        | Noticed a deep elf mage
  4885 | D        | Noticed a deep elf annihilator
  4885 | D        | Noticed a deep elf master archer
  4885 | D        | Noticed a deep elf annihilator
  4885 | D        | Noticed a deep elf sorcerer
  4885 | D        | Noticed a deep elf blademaster
  4885 | D        | Killed a wolf spider
  4885 | D        | Killed a deep elf annihilator
  4885 | D        | Killed a deep elf fighter
  4886 | D        | Killed a deep elf sorcerer
  4886 | D        | Reached skill level 27 in Spellcasting
  4886 | D        | Killed a deep elf high priest
  4886 | D        | Killed a deep elf high priest
  4886 | D        | Killed a deep elf mage
  4886 | D        | Killed a deep elf fighter
  4886 | D        | Killed a deep elf sorcerer
  4886 | D        | Reached skill level 10 in Fire Magic
  4887 | D        | Noticed a deep elf fighter
  4887 | D        | Noticed a deep elf annihilator
  4887 | D        | Killed a deep elf sorcerer
  4887 | D        | Killed a deep elf mage
  4887 | D        | Killed a deep elf master archer
  4888 | D        | Killed a deep elf high priest
  4888 | D        | Killed a deep elf annihilator
  4888 | D        | Killed a deep elf annihilator
  4888 | D        | Killed a deep elf blademaster
  4888 | D        | Killed a deep elf sorcerer
  4888 | D        | Killed a deep elf mage
  4888 | D        | Killed a deep elf master archer
  4888 | D        | Killed a deep elf conjurer
  4889 | D        | Killed a deep elf master archer
  4889 | D        | Reached skill level 5 in Ice Magic
  4889 | D        | Killed a deep elf annihilator
  4889 | D        | Killed a deep elf annihilator
  4889 | D        | Killed a deep elf annihilator
  4889 | D        | Killed a deep elf mage
  4889 | D        | Killed a deep elf fighter
  4891 | D        | Killed a deep elf blademaster
  4893 | D        | Killed a deep elf annihilator
  4894 | D        | Killed a deep elf fighter
  5292 | D        | Learned a level 9 spell: Fire Storm
  5303 | D        | Learned a level 9 spell: Glaciate
  5336 | D        | Entered arena 23.
  5344 | D        | Noticed a ghoul
  5344 | D        | Noticed a ghoul
  5344 | D        | Noticed a shadow dragon
  5344 | D        | Noticed a soul eater
  5344 | D        | Noticed a shadow dragon
  5345 | D        | Killed a soul eater
  5346 | D        | Noticed a flayed ghost
  5346 | D        | Killed a soul eater
  5346 | D        | Killed a necrophage
  5346 | D        | Killed a tormentor
  5346 | D        | Killed a soul eater
  5347 | D        | Noticed a shadow dragon
  5347 | D        | Noticed a shadow dragon
  5347 | D        | Killed a shadow dragon
  5347 | D        | Killed a ghoul
  5347 | D        | Reached skill level 15 in Fire Magic
  5347 | D        | Killed a ghoul
  5347 | D        | Killed a shadow dragon
  5347 | D        | Reached XP level 16. HP: 53/73 MP: 49/49
  5347 | D        | Killed a soul eater
  5348 | D        | Killed a ghoul
  5348 | D        | Killed a flayed ghost
  5350 | D        | Noticed a shadow dragon
  5350 | D        | Killed a shadow dragon
  5350 | D        | Reached skill level 15 in Ice Magic
  5352 | D        | Killed a shadow dragon
  5353 | D        | Noticed a shadow dragon
  5354 | D        | Killed a shadow dragon
  5355 | D        | Noticed a shadow dragon
  5355 | D        | Killed a shadow dragon
  5355 | D        | Killed a shadow dragon
  5355 | D        | Killed a ghoul
  5356 | D        | Noticed a soul eater
  5357 | D        | Killed a soul eater
  5848 | D        | Entered arena 24.
  5856 | D        | Noticed a white draconian knight
  5856 | D        | Noticed a green draconian
  5856 | D        | Noticed a yellow draconian
  5856 | D        | Noticed a yellow draconian
  5856 | D        | Noticed a black draconian
  5856 | D        | Noticed a white draconian
  5856 | D        | Noticed a black draconian
  5856 | D        | Noticed a red draconian zealot
  5856 | D        | Noticed a black draconian
  5856 | D        | Noticed a yellow draconian
  5856 | D        | Noticed a green draconian
  5856 | D        | Noticed a red draconian
  5856 | D        | Noticed a red draconian annihilator
  5856 | D        | Noticed a black draconian monk
  5856 | D        | Noticed a mottled draconian
  5858 | D        | Noticed a yellow draconian knight
  5858 | D        | Noticed a green draconian shifter
  5858 | D        | Noticed a purple draconian scorcher
  5858 | D        | Killed a white draconian
  5858 | D        | Killed a yellow draconian knight
  5858 | D        | Killed a black draconian
  5858 | D        | Killed a white draconian
  5858 | D        | Killed a black draconian scorcher
  5859 | D        | Noticed a yellow draconian caller
  5859 | D        | Noticed a purple draconian
  5859 | D        | Noticed a black draconian
  5859 | D        | Noticed a green draconian
  5859 | D        | Noticed a red draconian caller
  5859 | D        | Noticed a mottled draconian
  5859 | D        | Noticed a white draconian
  5859 | D        | Killed a purple draconian scorcher
  5859 | D        | Killed a yellow draconian
  5860 | D        | Killed a red draconian annihilator
  5860 | D        | Killed a green draconian
  5860 | D        | Killed a black draconian
  5860 | D        | Killed a mottled draconian
  5860 | D        | Killed a yellow draconian
  5860 | D        | Killed a yellow draconian
  5860 | D        | Killed a red draconian zealot
  5860 | D        | Killed a yellow draconian
  5860 | D        | Killed a green draconian shifter
  5860 | D        | Killed a black draconian
  5861 | D        | Noticed a mottled draconian annihilator
  5861 | D        | Killed a white draconian
  5861 | D        | Killed a red draconian
  5861 | D        | Killed a red draconian caller
  5861 | D        | Killed a black draconian monk
  5861 | D        | Killed a green draconian
  5861 | D        | Killed a yellow draconian caller
  5861 | D        | Killed a mottled draconian
  5861 | D        | Killed a white draconian
  5862 | D        | Killed a black draconian
  5862 | D        | Killed a yellow draconian
  5862 | D        | Killed a red draconian zealot
  5862 | D        | Killed a green draconian
  5862 | D        | Killed a mottled draconian knight
  5864 | D        | Noticed a black draconian
  5864 | D        | Noticed a mottled draconian
  5864 | D        | Noticed a black draconian
  5864 | D        | Killed a purple draconian
  5864 | D        | Killed a white draconian knight
  5865 | D        | Noticed a purple draconian
  5865 | D        | Killed a green draconian
  5865 | D        | Reached XP level 17. HP: 14/77 MP: 37/50
  5866 | D        | Noticed a white draconian
  5866 | D        | Noticed a red draconian
  5867 | D        | Killed a red draconian
  5868 | D        | Noticed a green draconian
  5868 | D        | Noticed a red draconian scorcher
  5868 | D        | Noticed a purple draconian shifter
  5868 | D        | Noticed a black draconian
  5868 | D        | Killed a black draconian
  5868 | D        | Killed a mottled draconian
  5868 | D        | Killed a purple draconian
  5869 | D        | Killed a black draconian
  5869 | D        | Killed a green draconian
  5870 | D        | Noticed a mottled draconian
  5870 | D        | Killed a red draconian scorcher
  5870 | D        | Killed a purple draconian shifter
  5870 | D        | Killed a black draconian
  5870 | D        | Killed a white draconian
  5872 | D        | Killed a mottled draconian
  5872 | D        | Killed a mottled draconian annihilator
  6189 | D        | Got the amulet "Tuosu" {Gourm Int+4 Slay-3}
  6234 | D        | Entered arena 25.
  6245 | D        | Noticed a greater naga
  6245 | D        | Noticed a naga warrior
  6245 | D        | Noticed a naga mage
  6245 | D        | Noticed an anaconda
  6245 | D        | Noticed a naga
  6245 | D        | Noticed a black mamba
  6245 | D        | Noticed a water moccasin
  6245 | D        | Noticed a black mamba
  6245 | D        | Noticed a greater naga
  6245 | D        | Noticed a naga warrior
  6245 | D        | Noticed a naga
  6245 | D        | Noticed a naga
  6245 | D        | Noticed a guardian serpent
  6245 | D        | Noticed an anaconda
  6246 | D        | Noticed a guardian serpent
  6246 | D        | Noticed a guardian serpent
  6246 | D        | Noticed an anaconda
  6246 | D        | Killed a naga mage
  6246 | D        | Killed a guardian serpent
  6246 | D        | Killed a naga
  6246 | D        | Killed an anaconda
  6246 | D        | Killed an anaconda
  6246 | D        | Killed a black mamba
  6247 | D        | Noticed a black mamba
  6247 | D        | Noticed a naga
  6247 | D        | Noticed a naga warrior
  6247 | D        | Noticed an anaconda
  6247 | D        | Noticed a naga mage
  6247 | D        | Killed a naga
  6247 | D        | Killed a naga
  6247 | D        | Killed a guardian serpent
  6247 | D        | Killed a naga
  6247 | D        | Killed an anaconda
  6247 | D        | Killed a naga mage
  6247 | D        | Killed an anaconda
  6247 | D        | Killed a guardian serpent
  6247 | D        | Killed a black mamba
  6247 | D        | Killed a black mamba
  6247 | D        | Killed a naga warrior
  6248 | D        | Noticed a naga warrior
  6248 | D        | Killed a greater naga
  6248 | D        | Killed a black mamba
  6248 | D        | Killed a black mamba
  6248 | D        | Killed a water moccasin
  6248 | D        | Killed a naga
  6248 | D        | Killed a naga warrior
  6248 | D        | Killed a black mamba
  6248 | D        | Killed a greater naga
  6249 | D        | Noticed a guardian serpent
  6249 | D        | Killed a greater naga
  6249 | D        | Reached skill level 27 in Conjurations
  6249 | D        | Killed an anaconda
  6249 | D        | Killed a naga warrior
  6249 | D        | Killed a naga
  6249 | D        | Killed a water moccasin
  6250 | D        | Noticed a naga warrior
  6250 | D        | Killed a naga warrior
  6250 | D        | Killed a naga warrior
  6250 | D        | Killed a black mamba
  6250 | D        | Killed a greater naga
  6250 | D        | Killed a naga
  6251 | D        | Killed a naga warrior
  6251 | D        | Killed a guardian serpent
  6251 | D        | Killed a greater naga
  6251 | D        | Reached skill level 27 in Necromancy
  6251 | D        | Killed a naga
  6252 | D        | Noticed a naga warrior
  6252 | D        | Noticed a naga warrior
  6253 | D        | Noticed a water moccasin
  6254 | D        | Noticed a naga
  6254 | D        | Noticed a naga warrior
  6254 | D        | Noticed a naga warrior
  6254 | D        | Noticed a naga
  6255 | D        | Noticed a black mamba
  6255 | D        | Noticed a naga warrior
  6257 | D        | Killed a naga
  6257 | D        | Killed a naga warrior
  6257 | D        | Killed a naga warrior
  6257 | D        | Killed a naga warrior
  6257 | D        | Killed a naga warrior
  6258 | D        | Killed a naga
  6258 | D        | Killed a black mamba
  6258 | D        | Killed a water moccasin
  6260 | D        | Killed a naga warrior
  6683 | D        | Got the ring "Afiem" {rPois rN+ SInv}
  6709 | D        | Entered arena 26.
  6717 | D        | Noticed a green draconian
  6717 | D        | Noticed a mottled draconian
  6717 | D        | Noticed a black draconian
  6717 | D        | Noticed an Orb Guardian
  6717 | D        | Noticed an Orb Guardian
  6718 | D        | Noticed an Orb Guardian
  6718 | D        | Noticed a black draconian zealot
  6718 | D        | Noticed an ice dragon
  6718 | D        | Noticed a green draconian
  6718 | D        | Noticed a mottled draconian
  6718 | D        | Noticed an Orb Guardian
  6718 | D        | Noticed a black draconian
  6718 | D        | Noticed a purple draconian caller
  6718 | D        | Noticed an Orb Guardian
  6718 | D        | Noticed an Orb Guardian
  6718 | D        | Noticed a tentacled monstrosity
  6718 | D        | Noticed a green draconian
  6718 | D        | Noticed a white draconian
  6718 | D        | Noticed a red draconian
  6718 | D        | Noticed a green draconian
  6719 | D        | Noticed an orb of fire
  6719 | D        | Noticed an Orb Guardian
  6719 | D        | Noticed a tentacled monstrosity
  6719 | D        | Noticed a purple draconian
  6719 | D        | Noticed a yellow draconian
  6719 | D        | Killed a purple draconian
  6719 | D        | Killed a green draconian
  6719 | D        | Killed an Orb Guardian
  6719 | D        | Killed an Orb Guardian
  6719 | D        | Killed a purple draconian
  6719 | D        | Killed an Orb Guardian
  6719 | D        | Killed an Orb Guardian
  6719 | D        | Noticed a yellow draconian
  6720 | D        | Noticed a red draconian
  6720 | D        | Noticed a yellow draconian
  6720 | D        | Noticed a fire dragon
  6720 | D        | Noticed a purple draconian
  6720 | D        | Noticed a mottled draconian
  6720 | D        | Noticed a green draconian
  6720 | D        | Killed a black draconian
  6720 | D        | Killed a mottled draconian
  6720 | D        | Reached skill level 27 in Charms
  6720 | D        | Killed a purple draconian caller
  6720 | D        | Killed a black draconian
  6720 | D        | Killed an ice dragon
  6720 | D        | Killed an Orb Guardian
  6721 | D        | Noticed an Orb Guardian
  6721 | D        | Noticed an Orb Guardian
  6721 | D        | Noticed an Orb Guardian
  6721 | D        | Noticed a storm dragon
  6721 | D        | Noticed a purple draconian
  6721 | D        | Noticed a yellow draconian
  6721 | D        | Killed an Orb Guardian
  6721 | D        | Reached XP level 18. HP: 60/82 MP: 51/51
  6721 | D        | Killed an Orb Guardian
  6721 | D        | Killed a tentacled monstrosity
  6721 | D        | Killed a purple draconian
  6722 | D        | Noticed an Orb Guardian
  6722 | D        | Noticed an Orb Guardian
  6722 | D        | Noticed a golden dragon
  6722 | D        | Noticed an Orb Guardian
  6722 | D        | Noticed a moth of wrath
  6722 | D        | Noticed an Orb Guardian
  6722 | D        | Noticed a white draconian
  6722 | D        | Killed a fire dragon
  6722 | D        | Killed a black draconian zealot
  6722 | D        | Killed a red draconian
  6722 | D        | Killed a purple draconian
  6722 | D        | Killed an Orb Guardian
  6722 | D        | Killed an Orb Guardian
  6723 | D        | Noticed a mottled draconian zealot
  6723 | D        | Noticed a red draconian
  6723 | D        | Noticed a purple draconian
  6723 | D        | Noticed a golden dragon
  6723 | D        | Killed a storm dragon
  6723 | D        | Killed a tentacled monstrosity
  6723 | D        | Killed an orb of fire
  6723 | D        | Killed a yellow draconian
  6723 | D        | Killed a mottled draconian
  6723 | D        | Killed a green draconian
  6723 | D        | Killed an Orb Guardian
  6724 | D        | Noticed an Orb Guardian
  6724 | D        | Noticed a mottled draconian
  6724 | D        | Noticed an Orb Guardian
  6724 | D        | Killed an Orb Guardian
  6726 | D        | Noticed a yellow draconian
  6726 | D        | Killed a white draconian
  6726 | D        | Killed a green draconian
  6726 | D        | Killed a red draconian
  6726 | D        | Killed a purple draconian
  6726 | D        | Killed a green draconian
  6726 | D        | Killed an Orb Guardian
  6726 | D        | Killed a mottled draconian zealot
  6726 | D        | Killed a green draconian
  6726 | D        | Killed a yellow draconian
  6726 | D        | Killed an Orb Guardian
  6726 | D        | Killed a moth of wrath
  6726 | D        | Killed a yellow draconian
  6727 | D        | Killed an Orb Guardian
  6727 | D        | Killed an Orb Guardian
  6727 | D        | Killed a white draconian
  6727 | D        | Killed a yellow draconian
  6728 | D        | Killed a purple draconian
  6728 | D        | Killed an Orb Guardian
  6728 | D        | Killed a golden dragon
  6728 | D        | Killed a red draconian
  6728 | D        | Killed a golden dragon
  6728 | D        | Killed a mottled draconian
  6728 | D        | Reached skill level 27 in Fire Magic
  6728 | D        | Killed an Orb Guardian
  6729 | D        | Killed a mottled draconian
  6729 | D        | Reached skill level 27 in Ice Magic
  6729 | D        | Reached XP level 19. HP: 15/86 MP: 52/52
  6730 | D        | Killed a yellow draconian
  7055 | D        | Entered arena 27.
  7063 | D        | Noticed a quicksilver dragon
  7065 | D        | Noticed a gargoyle
  7065 | D        | Noticed a stone giant
  7065 | D        | Noticed an iron golem
  7065 | D        | Noticed an earth elemental
  7065 | D        | Noticed an earth elemental
  7065 | D        | Noticed a crystal guardian
  7065 | D        | Noticed a quicksilver dragon
  7066 | D        | Noticed an iron dragon
  7066 | D        | Noticed a gargoyle
  7066 | D        | Noticed an earth elemental
  7066 | D        | Noticed an iron dragon
  7066 | D        | Noticed a gargoyle
  7066 | D        | Noticed an earth elemental
  7066 | D        | Noticed an earth elemental
  7066 | D        | Noticed a crystal guardian
  7066 | D        | Noticed an earth elemental
  7066 | D        | Noticed a crystal guardian
  7066 | D        | Noticed a quicksilver dragon
  7066 | D        | Noticed a crystal guardian
  7066 | D        | Noticed an iron golem
  7066 | D        | Noticed a stone giant
  7066 | D        | Noticed an iron dragon
  7067 | D        | Noticed an iron dragon
  7067 | D        | Noticed a stone giant
  7067 | D        | Noticed a crystal guardian
  7067 | D        | Noticed a stone giant
  7068 | D        | Noticed an iron dragon
  7068 | D        | Noticed an iron dragon
  7068 | D        | Noticed an iron dragon
  7068 | D        | Killed a gargoyle
  7068 | D        | Killed an earth elemental
  7068 | D        | Killed a stone giant
  7068 | D        | Killed a gargoyle
  7068 | D        | Killed a stone giant
  7068 | D        | Killed a quicksilver dragon
  7069 | D        | Noticed an earth elemental
  7069 | D        | Noticed a stone giant
  7069 | D        | Noticed an iron dragon
  7069 | D        | Noticed an iron dragon
  7069 | D        | Killed an earth elemental
  7069 | D        | Killed an earth elemental
  7069 | D        | Killed a quicksilver dragon
  7069 | D        | Killed a crystal guardian
  7069 | D        | Killed an earth elemental
  7069 | D        | Killed a crystal guardian
  7070 | D        | Noticed an iron golem
  7070 | D        | Noticed a stone giant
  7070 | D        | Noticed a quicksilver dragon
  7070 | D        | Noticed a crystal guardian
  7070 | D        | Noticed an earth elemental
  7070 | D        | Noticed an earth elemental
  7070 | D        | Killed a quicksilver dragon
  7070 | D        | Killed a crystal guardian
  7070 | D        | Killed a stone giant
  7071 | D        | Noticed a quicksilver dragon
  7071 | D        | Noticed an iron dragon
  7071 | D        | Noticed an earth elemental
  7071 | D        | Noticed an iron golem
  7071 | D        | Noticed an iron dragon
  7071 | D        | Noticed an iron golem
  7071 | D        | Noticed a quicksilver dragon
  7071 | D        | Noticed a crystal guardian
  7071 | D        | Noticed an iron golem
  7071 | D        | Noticed an earth elemental
  7071 | D        | Noticed a stone giant
  7071 | D        | Noticed an iron golem
  7071 | D        | Noticed an earth elemental
  7071 | D        | Noticed an iron golem
  7071 | D        | Noticed an iron dragon
  7071 | D        | Killed a crystal guardian
  7071 | D        | Killed an iron golem
  7072 | D        | Noticed an earth elemental
  7072 | D        | Killed an earth elemental
  7072 | D        | Killed an earth elemental
  7072 | D        | Killed an iron dragon
  7072 | D        | Killed a crystal guardian
  7072 | D        | Killed a gargoyle
  7073 | D        | Killed an earth elemental
  7073 | D        | Killed a crystal guardian
  7073 | D        | Killed an earth elemental
  7073 | D        | Killed an earth elemental
  7073 | D        | Killed an iron dragon
  7073 | D        | Killed a quicksilver dragon
  7073 | D        | Killed a quicksilver dragon
  7075 | D        | Noticed an earth elemental
  7075 | D        | Killed a stone giant
  7075 | D        | Killed a stone giant
  7075 | D        | Killed a quicksilver dragon
  7075 | D        | Killed an earth elemental
  7075 | D        | Killed an earth elemental
  7075 | D        | Killed an iron dragon
  7075 | D        | Killed an iron golem
  7075 | D        | Killed an iron dragon
  7075 | D        | Killed an iron dragon
  7076 | D        | Noticed an earth elemental
  7076 | D        | Killed an earth elemental
  7076 | D        | Killed a crystal guardian
  7076 | D        | Killed an earth elemental
  7076 | D        | Killed an earth elemental
  7076 | D        | Killed an iron dragon
  7076 | D        | Killed an iron dragon
  7078 | D        | Killed an iron dragon
  7078 | D        | Killed an iron dragon
  7078 | D        | Killed an iron golem
  7078 | D        | Killed an earth elemental
  7078 | D        | Killed a stone giant
  7079 | D        | Killed an iron golem
  7079 | D        | Killed an iron golem
  7079 | D        | Killed an iron golem
  7080 | D        | Killed an iron golem
  7080 | D        | Killed a stone giant
  7081 | D        | Killed an iron dragon
  7082 | D        | Killed an iron dragon
  7084 | D        | Killed an iron golem
  7086 | D        | Killed an iron dragon
  7087 | D        | Killed an earth elemental
  7091 | D        | Noticed an earth elemental
  7091 | D        | Noticed an earth elemental
  7099 | D        | Killed an earth elemental
  7100 | D        | Killed an earth elemental
  7481 | D        | Learned a level 5 spell: Dispel Undead
  7507 | D        | Got the Orb of Zot
  8625 | D        | Reached skill level 27 in Dodging
  8793 | D        | Reached skill level 27 in Air Magic
  8855 | D        | Gained mutation: You are dopey. (Int -2) [mutagenic glow]
  9148 | D        | Noticed Nakove Gohe the pandemonium lord
  9149 | D        | Reached skill level 10 in Evocations
  9151 | D        | Killed Nakove Gohe the pandemonium lord
  9221 | D        | Gained mutation: Potions and wands are less effective at restoring your health. [mutagenic glow]
  9407 | D        | Reached skill level 15 in Evocations
  9492 | D        | Reached XP level 20. HP: 91/91 MP: 53/53
  9923 | D        | Noticed Yshaxucw the pandemonium lord
  9929 | D        | Killed Yshaxucw the pandemonium lord
 10092 | D        | Gained mutation: Armour fits poorly on your strangely shaped body. [mutagenic glow]
 10228 | D        | Noticed Vaufuug the pandemonium lord
 10230 | D        | Killed Vaufuug the pandemonium lord
 10897 | D        | Gained mutation: You are very dopey. (Int -4) [mutagenic glow]
 12647 | D        | Gained mutation: You are agile. (Dex +2) [mutagenic glow]
 12997 | D        | Lost mutation: You are very dopey. (Int -4) [mutagenic glow]
 15286 | D        | Gained mutation: You are weak. (Str -2) [mutagenic glow]
 15420 | D        | Lost mutation: You are agile. (Dex +2) [mutagenic glow]
 15602 | D        | Escaped with the Orb!

Action                   |  1- 3 |  4- 6 |  7- 9 | 10-12 | 13-15 | 16-18 | 19-21 || total
-------------------------+-------+-------+-------+-------+-------+-------+-------++-------
Melee: Quarterstaff      |       |       |       |       |     1 |       |     1 ||     2
 Cast: Fireball          |       |       |    13 |    41 |    52 |       |       ||   106
       Phase Shift       |       |       |       |     5 |    10 |     4 |     1 ||    20
       Deflect Missiles  |       |       |       |     1 |       |       |       ||     1
       Iron Shot         |       |       |       |     6 |    28 |     2 |    63 ||    99
       Bolt of Cold      |       |       |       |     1 |    19 |       |       ||    20
       Orb of Destructio |       |       |       |     1 |       |       |       ||     1
       Tornado           |       |       |       |       |     8 |     3 |     1 ||    12
       Death's Door      |       |       |       |       |     2 |     4 |     1 ||     7
       Borgnjor's Revivi |       |       |       |       |     1 |       |       ||     1
       Fire Storm        |       |       |       |       |     2 |    28 |    16 ||    46
       Glaciate          |       |       |       |       |       |     6 |     9 ||    15
Evoke: Wand              |     5 |     6 |     1 |       |     6 |     1 |     1 ||    20
       Lamp of fire      |       |       |       |       |     2 |       |       ||     2
       Fan of gales      |       |       |       |       |       |       |     1 ||     1
  Use: Potion            |     5 |     5 |     4 |     6 |    17 |     1 |     2 ||    40
       Scroll            |       |       |     1 |     1 |     6 |     1 |       ||     9
  Eat: Fruit             |     2 |       |       |     1 |     1 |       |       ||     4
       Chunk             |       |       |     2 |     5 |     2 |     1 |       ||    10
       Meat ration       |       |       |       |       |     2 |     2 |       ||     4
       Royal jelly       |       |       |       |       |       |       |     3 ||     3
       Bread ration      |       |       |       |       |       |       |     4 ||     4
